 Dungeon Crawl Stone Soup version 0.22-a0-348-gd16d139 (webtiles) character file.

2643 Amnesiac the Carver (level 9, -12/63 HPs)
             Began as a Demonspawn Fighter on Apr 11, 2018.
             Was a Believer of Okawaru.
             Splashed by a gnoll's acid (18 damage)
             ... on level 7 of the Dungeon.
             The game lasted 00:12:20 (9064 turns).

Amnesiac the Carver (Demonspawn Fighter)            Turns: 9064, Time: 00:12:21

Health: -12/63     AC: 13    Str: 17    XL:     9   Next: 35%
Magic:  9/9        EV:  4    Int:  9    God:    Okawaru [**....]
Gold:   276        SH: 13    Dex: 18    Spells: 7/8 levels left

rFire    + . .     SeeInvis .   a - +0 long sword
rCold    . . .     Gourm    .   u - +0 large shield
rNeg     . . .     Faith    .   b - +0 scale mail
rPois    .         Spirit   .   (no helmet)
rElec    .         Reflect  .   (no cloak)
rCorr    .         Harm     .   (no gloves)
MR       +....                  e - +1 pair of boots
Stlth    ..........             (no amulet)
HPRegen  0.20/turn              v - ring of protection from magic
MPRegen  0.11/turn              s - ring of protection from fire

@: corroded, sanguine armour
A: talons 1, agile 2, foul stench 1, weak 1, rot immunity, sanguine armour 2
a: Heroism, Renounce Religion


You were on level 7 of the Dungeon.
You worshipped Okawaru.
Okawaru was pleased with you.
You were not hungry.

You visited 2 branches of the dungeon, and saw 8 of its levels.
You also visited: Ossuary.

You collected 315 gold pieces.
You spent 39 gold pieces at shops.

Inventory:

Hand Weapons
 a - a +0 long sword (weapon)
Missiles
 j - 128 stones (quivered)
 z - 19 poisoned needles
 A - 2 throwing nets
Armour
 b - a +0 scale mail (worn)
 e - a +1 pair of boots (worn)
 u - a +0 large shield (worn)
Jewellery
 c - an uncursed ring of ice
 l - an uncursed ring of flight
 n - an uncursed ring of wizardry
 p - a +4 ring of intelligence
 s - a ring of protection from fire (right hand)
 v - a ring of protection from magic (left hand)
Wands
 t - a wand of digging (6)
 y - a wand of enslavement (11)
Scrolls
 g - 2 scrolls of remove curse {!r}
 o - 2 scrolls of teleportation {!r}
 q - 3 scrolls of blinking {!r}
 x - 3 scrolls of identify {!r}
Potions
 d - 2 potions of might {!q}
 h - 6 potions of haste {!q}
 i - 3 potions of curing {!q}
 k - 4 potions of heal wounds {!q}
 m - a potion of resistance {!q}
 r - a potion of brilliance {!q}
 w - 2 potions of mutation {!q}
 B - a potion of lignification {!q}
Comestibles
 f - 15 rations
 C - 2 chunks of flesh


   Skills:
 - Level 3.0 Fighting
 + Level 11.6 Long Blades
 - Level 2.6 Armour
 - Level 2.6 Shields


You had 7 spell levels left.
You knew the following spells:

 Your Spells              Type           Power        Failure   Level  Hunger
z - Confusing Touch       Hex            #.....       100%        1    ##.....


Dungeon Overview and Level Annotations

Branches:
Dungeon (7/15)             Temple (1/1) D:4

Altars:
Ashenzari
Cheibriados
Dithmenos
Elyvilon
Fedhas
Gozag
Hepliaklqana
Kikubaaqudgha
Makhleb
Nemelex Xobeh
Okawaru
Qazlal
Ru
Sif Muna
Trog
Uskayaw
Vehumet
Wu Jian
Xom
Yredelemnul
Zin
The Shining One

Shops:
D:5 [   D:7 ?!


Innate Abilities, Weirdness & Mutations

You may emit foul miasma when damaged in melee.
You are immune to rotting.
When seriously injured, your bleeding wounds create thick armour. (AC +9)
You have sharp toenails.
You are very agile. (Dex +4)
You are weak. (Str -2)


Message History

The crimson imp hits you but does no damage.
You hit the crimson imp.
The crimson imp is severely wounded.
The crimson imp hits you.
You miss the crimson imp.
The crimson imp is severely wounded.
You block the crimson imp's attack.
You barely miss the crimson imp.
The crimson imp is heavily wounded.
The crimson imp barely misses you.
You riposte.
You closely miss the crimson imp.
The crimson imp is heavily wounded.
A gnoll comes into view. It is wielding a whip.
You miss the crimson imp.
The crimson imp is heavily wounded.
The gnoll shouts!
The crimson imp hits you but does no damage.
You slash the crimson imp!
You kill the crimson imp!
Okawaru accepts your kill.
You hit the gnoll but do no damage. You block the gnoll's attack.
A gnoll comes into view. It is wielding a halberd.
Your shield prevents you from hitting the gnoll.
The gnoll zaps a wand.
The bolt of acid hits you!
* * * LOW HITPOINT WARNING * * *
The acid corrodes you!
You are splashed with acid!
The acid burns!
* * * LOW HITPOINT WARNING * * *
It is a wand of acid (7).
Your shield and scale mail prevent you from hitting the gnoll.
The gnoll hits you but does no damage.
You closely miss the gnoll. The gnoll hits you but does no damage.
You hit the gnoll.
The gnoll is lightly wounded.
The gnoll hits you but does no damage.
You hit the gnoll but do no damage.
The gnoll is lightly wounded.
The gnoll hits you but does no damage. You block the gnoll's attack.
You slash the gnoll!
The gnoll is severely wounded.
You hit the gnoll but do no damage.
The gnoll is severely wounded.
The gnoll hits you but does no damage. The gnoll hits you with a spear!
* * * LOW HITPOINT WARNING * * *
You are too injured to fight recklessly!
You are too injured to fight recklessly!
You are too injured to fight recklessly!
You are too injured to fight recklessly!
You are too injured to fight recklessly!
You are too injured to fight recklessly!
You are too injured to fight recklessly!
The gnoll hits you from afar with a halberd.
* * * LOW HITPOINT WARNING * * *
You block the gnoll's attack.
Press: ? - help, v - describe, . - travel
Here: a gnoll, wielding a spear, wearing a robe, wearing a dented brass amulet and carrying a wand of acid (7) (severely wounded)
The floor.
Unknown command.
The gnoll zaps a wand.
The bolt of acid hits the gnoll.
The gnoll is splashed with acid.
The acid corrodes the gnoll!
The gnoll dies!
The bolt of acid hits you!
* * * LOW HITPOINT WARNING * * *
You are splashed with acid!
The acid burns!
You die...

###....#.#######.
###...##.?.........
###...######.#######.
###...### #.# ###...###
#.# #...[## #.#
#..##.##### #.#
#.........#######.#####
#..........@).gg........
#.##.###.#######.#!####
#. ... #.# ###...# ###.
.>. ..#..## # .....
#.#..# .#.#.# #.#..#
..#.#.# #.##.# ##.##.#
#.##...#†#


You could see 2 gnolls.

Vanquished Creatures
  An ugly thing (D:7)
  Sigmund (D:3)
  A spriggan (D:7)
  Menkaure (D:4)
  An ice beast (D:7)
  2 ogres
  The ghost of Amnesiac the Conjurer, an amateur DECj (D:3)
  4 bullfrogs
  A howler monkey (D:5)
  A vampire bat (D:5)
  A bullfrog zombie (D:6)
  3 crimson imps
  5 hounds (D:6)
  2 jellies
  A bullfrog skeleton (D:7)
  An iguana (D:4)
  Ijyb (D:3)
  4 orc wizards
  5 worker ants
  Terence (D:1)
  A killer bee zombie (D:6)
  A big kobold zombie (Ossuary)
  6 mummies (Ossuary)
  A worker ant zombie (D:6)
  3 gnolls (D:2)
  2 howler monkey skeletons
  11 adders
  2 shadow imps
  2 oozes
  An adder zombie (D:6)
  4 worms
  4 dart slugs
  3 fire bats (D:5)
  A leopard gecko (D:1)
  19 orcs
  2 spectral bats (D:5)
  2 ball pythons
  12 bats
  3 bat skeletons (D:5)
  A bat zombie (D:5)
  2 giant cockroaches (D:1)
  7 goblins
  5 hobgoblins
  5 jackals
  5 quokkas
  A bat simulacrum (D:5)
  9 frilled lizards
  9 kobolds
  2 leopard gecko skeletons
  A quokka skeleton (D:4)
  7 rats
172 creatures vanquished.

Vanquished Creatures (others)
  A gnoll (D:7)
1 creature vanquished.

Grand Total: 173 creatures vanquished

Notes
Turn   | Place    | Note
-------+----------+-------------------------------------------
     0 | D:1      | Amnesiac the Demonspawn Fighter began the quest for the Orb.
     0 | D:1      | Reached XP level 1. HP: 18/18 MP: 1/1
    54 | D:1      | Reached skill level 2 in Long Blades
   136 | D:1      | Gained mutation: You are immune to rotting. [demonic ancestry]
   136 | D:1      | Reached XP level 2. HP: 24/24 MP: 2/2
   436 | D:1      | Reached skill level 3 in Long Blades
  1016 | D:2      | Noticed Terence
  1040 | D:1      | Killed Terence
  1040 | D:1      | Reached XP level 3. HP: 15/29 MP: 3/3
  1287 | D:2      | Found an ornate altar of the Wu Jian Council.
  1656 | D:2      | Reached skill level 4 in Long Blades
  1656 | D:2      | Reached XP level 4. HP: 14/35 MP: 4/4
  2505 | D:3      | Noticed Ijyb
  2548 | D:3      | Killed Ijyb
  2548 | D:3      | Reached skill level 5 in Long Blades
  2548 | D:3      | Reached XP level 5. HP: 38/41 MP: 5/5
  2730 | D:3      | Noticed Sigmund
  3240 | D:4      | Gained mutation: You may emit foul miasma when damaged in melee. [demonic ancestry]
  3240 | D:4      | Reached XP level 6. HP: 22/47 MP: 6/6
  3422 | D:4      | Reached skill level 6 in Long Blades
  3826 | D:3      | Learned a level 1 spell: Confusing Touch
  4242 | D:3      | Noticed Amnesiac's ghost (amateur DECj)
  4259 | D:3      | Killed Amnesiac's ghost
  4686 | D:3      | Killed Sigmund
  4686 | D:3      | Reached skill level 7 in Long Blades
  4686 | D:3      | Reached XP level 7. HP: 49/52 MP: 7/7
  4739 | D:4      | Noticed Menkaure
  4751 | D:4      | Killed Menkaure
  4751 | D:4      | Reached skill level 8 in Long Blades
  5343 | D:4      | Found a staircase to the Ecumenical Temple.
  5465 | Temple   | Entered the Ecumenical Temple
  5647 | Temple   | Became a worshipper of Warmaster Okawaru
  5722 | D:5      | Entered Level 5 of the Dungeon
  5965 | D:5      | Gained mutation: When seriously injured, your bleeding wounds create armour. (AC +9) [demonic ancestry]
  5965 | D:5      | Reached XP level 8. HP: 36/58 MP: 8/8
  6108 | D:5      | Found Bine's Armour Shop.
  6114 | D:5      | Reached skill level 9 in Long Blades
  6269 | D:5      | Found a sand-covered staircase.
  6276 | Ossuary  | Entered an ossuary
  6350 | Ossuary  | Gained mutation: You are agile. (Dex +2) [potion of mutation]
  6350 | Ossuary  | Gained mutation: You have sharp toenails. [potion of mutation]
  6350 | Ossuary  | Gained mutation: You are weak. (Str -2) [potion of mutation]
  6350 | Ossuary  | Gained mutation: You are very agile. (Dex +4) [potion of mutation]
  6394 | Ossuary  | Reached * piety under Okawaru
  7223 | D:6      | Reached skill level 10 in Long Blades
  8663 | D:7      | Gained mutation: When seriously injured, your bleeding wounds create thick armour. (AC +9) [demonic ancestry]
  8663 | D:7      | Reached XP level 9. HP: 63/63 MP: 9/9
  8668 | D:7      | Found Xout Viwn's Magic Scroll Shoppe.
  8781 | D:7      | Reached ** piety under Okawaru
  8781 | D:7      | Reached skill level 11 in Long Blades
  8836 | D:7      | Found Mecu's Distillery.
  8841 | D:7      | Bought a potion of lignification for 39 gold pieces
  8933 | D:7      | Noticed a purple ugly thing
  8955 | D:7      | Killed a purple ugly thing
  9064 | D:7      | Splashed by a gnoll's acid

Vault maps used:
D:1:      elethiomel_arrival_shortcut, minmay_misc_feat_roman,
          grunt_decor_fettered
D:2:      nicolae_overflow_crystal_walls, first_ration, st_stairs_5,
          uniq_terence
D:3:      minmay_wonky_spiral, uniq_sigmund, uniq_ijyb
D:4:      minmay_temple_entry_enclosed_plants, grunt_decor_resistance,
          minivault_24, uniq_menkaure
D:5:      lightli_ossuary_entry_decrepit_ruins, serial_shops, shop,
          goddamned_bats
D:7:      minmay_the_grid_four_pointed_star, serial_shops, nicolae_shop_stone,
          nicolae_shop_trees, shop, shop, shop, the_bakery, lemuel_angel_altar
Temple:   minmay_crystal_snake_temple
Ossuary:  ossuary_the_hunt_dpeg

Skill      XL: |  1  2  3  4  5  6  7  8  9 |
---------------+----------------------------+-----
Long Blades    | 2 3 4 5 7 8 10 11 | 11.6
Fighting       | |  3.0
Armour         | |  2.6
Shields        | |  2.6

Action                   |  1- 3 |  4- 6 |  7- 9 || total
-------------------------+-------+-------+-------++-------
Melee: Long sword        |   114 |   293 |   530 ||   937
Throw: Stone             |       |     2 |       ||     2
Invok: Heroism           |       |       |     1 ||     1
  Use: Scroll            |     5 |     5 |     1 ||    11
       Potion            |       |     1 |     4 ||     5
  Eat: Chunk             |     3 |     8 |     7 ||    18
       Ration            |       |     1 |     2 ||     3
Armor: Scale mail        |    54 |   120 |   291 ||   465
Dodge: Dodged            |    26 |    47 |   108 ||   181
Block: Shield            |    49 |    47 |       ||    96
       Large shield      |       |   124 |   426 ||   550
       Rpst.: Long sword |     7 |    16 |    47 ||    70

Table legend:
 A = Spawn XP
 B = Non-spawn XP
 C = Spawn XP percentage of total XP
 D = Spawn monster count
 E = Non-spawn monster count
 F = Spawn count percentage of total count
 G = Total turns spent on level
                    A         B        C        D         E        F      G
               +---------+---------+-------+---------+---------+-------+---------
         Total |       0 |    3777 |   0.0 |       0 |     172 |   0.0 |  9064
               +---------+---------+-------+---------+---------+-------+---------
           D:1 |       0 |      70 |   0.0 |       0 |      25 |   0.0 |  1368
           D:2 |       0 |      85 |   0.0 |       0 |      18 |   0.0 |  1014
           D:3 |       0 |     471 |   0.0 |       0 |      20 |   0.0 |  1337
           D:4 |       0 |     499 |   0.0 |       0 |      28 |   0.0 |  1799
           D:5 |       0 |     611 |   0.0 |       0 |      39 |   0.0 |   907
           D:6 |       0 |     920 |   0.0 |       0 |      25 |   0.0 |  1496
           D:7 |       0 |     985 |   0.0 |       0 |      10 |   0.0 |   428
       Ossuary |       0 |     136 |   0.0 |       0 |       7 |   0.0 |   511
               +---------+---------+-------+---------+---------+-------+---------
